 Dungeon Crawl Stone Soup version 0.21.1-1-g345015f (webtiles) character file.

37 inc the Changer (level 3, 15/15 HPs)
             Began as a Felid Transmuter on Feb 24, 2018.
             Quit the game on level 5 of the Dungeon.
             The game lasted 00:08:31 (3001 turns).

inc the Changer (Felid Transmuter)                  Turns: 3001, Time: 00:08:32

Health: 15/15      AC:  1    Str:  6    XL:     3   Next: 23%
Magic:  7/7        EV: 18    Int: 15    God:
Gold:   97         SH:  0    Dex: 16    Spells: 3/6 levels left
                                        Lives:  0   Deaths: 1

rFire    . . .     SeeInvis +     - Unarmed
rCold    + . .     Gourm    .   (shield unavailable)
rNeg     . . .     Faith    .   (armour unavailable)
rPois    .         Spirit   .   (helmet unavailable)
rElec    .         Reflect  .   (cloak unavailable)
rCorr    .         Harm     .   (gloves unavailable)
MR       .....                  (boots unavailable)
Stlth    ++........             t - amulet of inaccuracy (curse)
HPRegen  0.05/turn              q - ring of flight
MPRegen  0.10/turn              f - ring of protection from cold

@: quick
A: very small, no armour, no weapons or thrown items, stealth, claws 1, fangs 3,
see invisible, carnivore, speed 1, shaggy fur 1, slow metabolism 1, sharp paws
a: Evoke Flight


You were on level 5 of the Dungeon.
You were not hungry.

You visited 1 branch of the dungeon, and saw 5 of its levels.

You collected 97 gold pieces.

Inventory:

Missiles
 a - 4 arrows
Jewellery
 f - a ring of protection from cold (right paw)
 o - an uncursed amulet of rage
 q - a ring of flight (left paw)
 t - a cursed amulet of inaccuracy (around neck)
Scrolls
 d - 2 scrolls of remove curse {unknown}
 e - 2 scrolls of identify {unknown}
 g - 3 scrolls of teleportation {unknown}
 l - 4 scrolls of noise {unknown}
 m - 3 scrolls of blinking {unknown}
 n - 2 scrolls of enchant weapon {unknown}
Potions
 h - a potion of agility {unknown}
 i - 2 potions of curing {unknown}
 j - a potion of might {unknown}
 k - a potion of degeneration
 p - a potion of heal wounds {unknown}
 r - 2 potions of invisibility {unknown}
 s - a potion of flight {unknown}
Books
 b - a book of Changes

   Spells                             Type                      Level
   a - Beastly Appendage              Transmutation                1
   b - Sticks to Snakes               Transmutation                2
   c - Spider Form                    Transmutation/Poison         3
   d - Ice Form                       Ice/Transmutation            4
   e - Blade Hands                    Transmutation                5
Comestibles
 c - a ration


   Skills:
 + Level 1.2 Fighting
 - Level 2.9 Dodging
 + Level 3.6 Unarmed Combat
 - Level 2.1 Spellcasting
 - Level 4.1 Transmutations


You had 3 spell levels left.
You knew the following spells:

 Your Spells              Type           Power        Failure   Level  Hunger
a - Beastly Appendage     Tmut           ##....       4%          1    #......
b - Sticks to Snakes      Tmut           ##......     6%          2    ###....


Dungeon Overview and Level Annotations

Branches:
Dungeon (5/15)
 Temple: D:4-7

Altars:

Shops:
D:5 (


Innate Abilities, Weirdness & Mutations

You cannot wear armour.
You are incapable of wielding weapons or throwing items.
Your paws allow you to move quietly. (Stealth)
You have sharp claws.
You have razor-sharp teeth.
You have supernaturally acute eyesight. (SInv)
You are carnivorous and can eat meat at any time.
You cover ground quickly.
You are covered in fur. (AC +1)
You have a slow metabolism.
Your sharp claws are effective at attacking unaware monsters.


Message History

You feel sick.
Your ball python bites the worker ant but does no damage.
Your ball python closely misses the worker ant.
The worker ant closely misses you.
You are now level 3!
Your horns disappear.
You rejoin the land of the living...
Found a green potion and a thin brass amulet.
t - a thin brass amulet Put on which piece of jewellery? (? for menu, Esc to quit)
o - an amulet of rage (around neck) Put on which piece of jewellery? (? for menu, Esc to quit)
q - a ring of flight (left paw) Put on which piece of jewellery? (? for menu, Esc to quit)
You remove your amulet of rage.
Oops, that amulet feels deathly cold.
t - a cursed amulet of inaccuracy (around neck) Put on which piece of jewellery? (? for menu, Esc to quit)
f - a ring of protection from cold (right paw) Are you sure you want to abandon this character and quit the game? (Confirm with "yes".)

#!.........#
#..........#
#.........#
####.........#
..............####
.####............#
.#.........##.
#...........#
###.....@...#
######.......#
#####...# . #...
.. ##. ###.###
.......#######
#.[...†aa...#
##.....S∩...#


There were no monsters in sight!

Vanquished Creatures
  5 adders
  5 giant cockroaches
  5 goblins
  2 hobgoblins
  7 kobolds
  A ball python (D:2)
  5 bats
  A frilled lizard (D:1)
  A quokka skeleton (D:4)
  7 rats
39 creatures vanquished.

Vanquished Creatures (collateral kills)
  An adder (D:2)
  A worm (D:2)
2 creatures vanquished.

Grand Total: 41 creatures vanquished

Notes
Turn   | Place    | Note
-------+----------+-------------------------------------------
     0 | D:1      | inc the Felid Transmuter began the quest for the Orb.
     0 | D:1      | Reached XP level 1. HP: 9/9 MP: 4/4
   205 | D:1      | Reached XP level 2. HP: 12/12 MP: 4/6
   214 | D:1      | Learned a level 2 spell: Sticks to Snakes
   857 | D:2      | Reached skill level 3 in Transmutations
   857 | D:2      | Reached XP level 3. HP: 11/15 MP: 5/7
  2426 | D:2      | Reached skill level 4 in Transmutations
  2589 | D:3      | Reached XP level 4. HP: 19/19 MP: 4/8
  2981 | D:5      | Entered Level 5 of the Dungeon
  2981 | D:5      | Found Dimamnie's Weapon Emporium.
  2989 | D:5      | Succumbed to a worker ant's poison
  2990 | D:5      | Reached XP level 3. HP: 0/15 MP: 3/7
  3001 | D:5      | Quit the game

Skill      XL: |  1  2  3 |
---------------+----------+-----
Transmutations | 3 4 |  4.1
Fighting       | |  1.2
Dodging        | |  2.9
Unarmed Combat | |  3.6
Spellcasting   | |  2.1

Action                   |  1- 3 |  4- 6 || total
-------------------------+-------+-------++-------
Melee: Unarmed           |    92 |    16 ||   108
       Bite              |     6 |     2 ||     8
       Headbutt          |     7 |     1 ||     8
       Punch             |     1 |       ||     1
 Cast: Beastly Appendage |    19 |     3 ||    22
       Sticks to Snakes  |     6 |     2 ||     8
  Use: Potion            |       |     1 ||     1
 Stab: Sleeping          |     2 |       ||     2
  Eat: Chunk             |     4 |       ||     4
Armor: Skin              |     4 |     1 ||     5
Dodge: Dodged            |    76 |    17 ||    93
